 Dungeon Crawl Stone Soup version 0.13.0-18-g7b03ea5 (webtiles) character file.

277 Malachi the Chucker (level 5, -1/49 HPs)
             Began as a Troll Hunter on Oct 22, 2013.
             Killed by divine providence
             ... invoked by an orc priest
              (7 damage)
             ... on Level 3 of the Dungeon.
             The game lasted 00:03:13 (1685 turns).

Malachi the Chucker (Troll Hunter)                  Turns: 1685, Time: 00:03:13

HP  -1/49        AC  6     Str 21      XL: 5   Next: 16%
MP   1/1         EV  9     Int  7      God:
Gold 119         SH  0     Dex 10      Spells:  0 memorised,  4 levels left

Res.Fire  : . . .   See Invis. : .     - Unarmed
Res.Cold  : . . .   Warding    : .   d - +0 animal skin
Life Prot.: . . .   Conserve   : .   (shield restricted)
Res.Poison: .       Res.Corr.  : .   (helmet restricted)
Res.Elec. : .       Clarity    : .   q - +0 cloak (curse)
Sust.Abil.: . .     Spirit.Shd : .   (gloves unavailable)
Res.Mut.  : .       Stasis     : .   (boots unavailable)
Res.Rott. : .       Flight     : .   (no amulet)
Gourmand  : +                        (no ring)
                                     (no ring)

@: slightly resistant to hostile enchantments, unstealthy
A: unfitting armour, claws 3, fast metabolism 3, gourmand, regeneration 2,
saprovore 2, tough skin 2, AC +1
a: no special abilities


You were on level 3 of the Dungeon.
You were not hungry.

You visited 1 branch of the dungeon, and saw 3 of its levels.

You collected 99 gold pieces.

Inventory:

Missiles
 c - 2 throwing nets (quivered)
Armour
 d - a +0 animal skin (worn)
 q - a cursed +0 cloak (worn)
Magical devices
 t - a wand of random effects (9) {unknown}
Comestibles
 a - 3 meat rations
 g - 2 bread rations
 o - a pear
 A - a rotting chunk of giant newt flesh
Scrolls
 f - 2 scrolls of identify {unknown}
 i - a scroll of amnesia {unknown}
 j - a scroll of curse weapon {unknown}
 k - 2 scrolls of recharging {unknown}
 l - a scroll of fear {unknown}
 m - a scroll of enchant armour {unknown}
 u - a scroll of remove curse {unknown}
 v - 2 scrolls of fog {unknown}
 y - a scroll of enchant weapon II {unknown}
Jewellery
 p - a +3 ring of protection {unknown}
Potions
 e - a potion of slowing {unknown}
 h - 3 potions of restore abilities {unknown}
 n - a potion of heal wounds {unknown}
 r - a potion of curing {unknown}
 s - 2 potions of agility {unknown}
 w - a potion of might {unknown}
 x - a potion of invisibility {unknown}


   Skills:
 - Level 1.5 Fighting
 * Level 5.9 Throwing
 - Level 1.5 Dodging
 - Level 0.4 Stealth
 - Level 1.0 Unarmed Combat


You had 4 spell levels left.
You didn't know any spells.

Dungeon Overview and Level Annotations

Branches:
Dungeon (3/27)

Altars:


Innate Abilities, Weirdness & Mutations

You are too large for most types of armour.
You have claws for hands.
Your metabolism is lightning-fast.
You like to eat raw meat.
You heal very quickly.
You can eat rotten meat.
You are covered in fur (AC +1).
You have very tough skin (AC +2).


Message History

The orc priest hits you with an orcish falchion.
You barely miss the orc priest.
The orc priest is severely wounded.
The orc priest barely misses you.
You hit the orc priest.
The orc priest is severely wounded.
The orc priest calls down the wrath of Beogh upon you.
Something smites you!
* * * LOW HITPOINT WARNING * * *
You closely miss the orc priest.
The orc priest is severely wounded.
The orc priest hits you with an orcish falchion.
* * * LOW HITPOINT WARNING * * *
You hit the orc priest.
The orc priest is almost dead.
You hit the orc priest but do no damage.
The orc priest is almost dead.
The orc priest mumbles some strange prayers to Beogh against you.
Something smites you!
You die...

### .(# #.#
#.## #.. # #o#
#.#####@#
#.......#
####.#### #.#
#.# #.#
############.#
#........[...#
#.############


You could see an orc priest (bleeding).

Vanquished Creatures
  Sigmund (D:2)
  Crazy Yiuf (D:2)
  An adder (D:2)
  A worm (D:2)
  4 orcs (D:3)
  2 ball pythons
  5 bats
  A giant cockroach (D:2)
  5 goblins
  2 hobgoblins
  3 giant newts
  9 kobolds
  5 rats
40 creatures vanquished.

Notes
Turn   | Place    | Note
--------------------------------------------------------------
     0 | D:1      | Malachi, the Troll Hunter, began the quest for the Orb.
     0 | D:1      | Reached XP level 1. HP: 20/20 MP: 0/0
   148 | D:1      | Reached skill level 4 in Throwing
   149 | D:1      | Reached XP level 2. HP: 28/28 MP: 0/0
   894 | D:2      | Noticed Crazy Yiuf
   898 | D:2      | Killed Crazy Yiuf
   898 | D:2      | Reached XP level 3. HP: 35/35 MP: 1/1
  1025 | D:2      | Reached skill level 5 in Throwing
  1026 | D:2      | Noticed Sigmund
  1030 | D:2      | Killed Sigmund
  1030 | D:2      | Reached XP level 4. HP: 42/42 MP: 1/1
  1072 | D:2      | Reached XP level 5. HP: 49/49 MP: 1/1
  1685 | D:3      | Killed from afar by an orc priest

Action                   |  1- 3 |  4- 6 || total
-------------------------+-------+-------++-------
Melee: Unarmed           |     3 |    20 ||    23
Throw: Large rock        |    47 |    24 ||    71
       Throwing net      |     2 |       ||     2
 Stab: Held in net/web   |     1 |       ||     1
